XFBL
TORONTO BLUE JAYS @ CALIFORNIA ANGELS
09/10/1982
 
TOP OF THE 1ST
Toronto Blue Jays batting - Pitching for California Angels : LHP Ray Fontenot
Pitching: LHP Ray Fontenot
Batting: SHB Harold Reynolds 0-0: Ball
1-0: Ball
2-0: Ball
3-0: Called Strike
3-1: Fly out, F8 (Flyball, 89M, EV 79.4 MPH)
Batting: RHB Jose Gonzalez 0-0: Ball
1-0: Ball
2-0: Ball
3-0: Called Strike
3-1: Foul Ball, location: 2F
3-2: Foul Ball, location: 2F
3-2: Ground out 3-1 (Groundball, 34S, EV 85.6 MPH)
Batting: LHB Chad Daley 0-0: Called Strike
0-1: Swinging Strike
0-2: Ball
1-2: Foul Ball, location: 2F
1-2: Ball
2-2: Foul Ball, location: 2F
2-2: Strikes out swinging
Top of the 1st over - 0 runs, 0 hits, 0 errors, 0 left on base; Toronto 0 - California 0
BOTTOM OF THE 1ST
California Angels batting - Pitching for Toronto Blue Jays : RHP Dane Anthony
Pitching: RHP Dane Anthony
Batting: RHB Frank White 0-0: Ball
1-0: Called Strike
1-1: Ball
2-1: Called Strike
2-2: Strikes out swinging
Batting: RHB Jeff Atherton 0-0: Swinging Strike
0-1: Called Strike
0-2: Ball
1-2: Ball
2-2: Foul Ball, location: 2F
2-2: Ball
3-2: Base on Balls
Batting: SHB Jon Hernandez 0-0: Foul Ball, location: 2F
0-1: Ball
1-1: Swinging Strike
1-2: Ball
2-2: Ball
3-2: 2-RUN HOME RUN (Flyball, 89XD, EV 98.8 MPH), Distance : 456 ft
Batting: LHB Jason D Thompson 0-0: Ball
1-0: Foul Ball, location: 2F
1-1: Foul Ball, location: 2F
1-2: Foul Ball, location: 2F
1-2: Ball
2-2: Fly out, F7 (Flyball, 7LM, EV 102.5 MPH)
Batting: LHB John Milner 0-0: Ball
1-0: Ball
2-0: Foul Ball, location: 2F
2-1: Foul Ball, location: 2F
2-2: Strikes out swinging
Bottom of the 1st over - 2 runs, 1 hit, 0 errors, 0 left on base; Toronto 0 - California 2
TOP OF THE 2ND
Toronto Blue Jays batting - Pitching for California Angels : LHP Ray Fontenot
Batting: RHB Andres Galarraga 0-0: Ball
1-0: Foul Ball, location: 2F
1-1: Ball
2-1: Swinging Strike
2-2: Ball
3-2: Foul Ball, location: 2F
3-2: SINGLE (Groundball, 3D, EV 96.9 MPH)
Batting: LHB Steve Stroughter 0-0: Ball
1-0: Ball
2-0: Foul Ball, location: 2F
2-1: Fielders Choice at 2nd, 3-6 (Groundball, 34, EV 85.6 MPH)
Batting: RHB Cal Ripken 0-0: Ball
1-0: Ball
2-0: Called Strike
2-1: Foul Ball, location: 2F
Balk!
Steve Stroughter to second
2-2: Ground out 6-3 (Groundball, 6, EV 99.4 MPH)
Batting: RHB Amos Otis 0-0: SINGLE (Groundball, 56D, EV 99.4 MPH)
Steve Stroughter to third
Runner from 3rd tries for Home, SAFE, throw by LF to home
Batting: RHB Jason Adams 0-0: SINGLE (Groundball, 4D, EV 110.6 MPH)
Amos Otis to second
Runner from 2nd tries for 3rd, OUT! 8-5
Top of the 2nd over - 1 run, 3 hits, 0 errors, 1 left on base; Toronto 1 - California 2
BOTTOM OF THE 2ND
California Angels batting - Pitching for Toronto Blue Jays : RHP Dane Anthony
Batting: SHB Ignacio Medina 0-0: Called Strike
0-1: Ball
1-1: Ball
2-1: Ball
3-1: Base on Balls
Batting: SHB Manny Castillo 0-0: Fly out, F8 (Flyball, 8LXD, EV 93.1 MPH)
Batting: RHB Carlos Pimentel 0-0: Called Strike
Ignacio Medina steals 2nd base
0-1: Ball
1-1: DOUBLE (Line Drive, 9LM, EV 111.9 MPH)
Ignacio Medina scores
Batting: LHB Geno Petralli 0-0: Ball
Carlos Pimentel is caught stealing 3rd base 2-5
1-0: Ball
2-0: Foul Ball, location: 2F
2-1: Swinging Strike
2-2: Ground out 4-3 (Groundball, 4, EV 108.1 MPH)
Bottom of the 2nd over - 1 run, 1 hit, 0 errors, 0 left on base; Toronto 1 - California 3
TOP OF THE 3RD
Toronto Blue Jays batting - Pitching for California Angels : LHP Ray Fontenot
Batting: RHB Jose Carrillo 0-0: Called Strike
0-1: Ball
1-1: Called Strike
1-2: Foul Ball, location: 2F
1-2: Strikes out swinging
Batting: SHB Harold Reynolds 0-0: Ball
1-0: Ground out 5-3 (Groundball, 56, EV 82.5 MPH)
Batting: RHB Jose Gonzalez 0-0: Fly out, F8 (Flyball, 8LS, EV 79.4 MPH)
Top of the 3rd over - 0 runs, 0 hits, 0 errors, 0 left on base; Toronto 1 - California 3
BOTTOM OF THE 3RD
California Angels batting - Pitching for Toronto Blue Jays : RHP Dane Anthony
Batting: RHB Frank White 0-0: Called Strike
0-1: Swinging Strike
0-2: Foul Ball, location: 2F
0-2: Ball
1-2: Foul Ball, location: 2F
1-2: Ball
2-2: Ball
3-2: Base on Balls
Batting: RHB Jeff Atherton 0-0: Ball
1-0: Swinging Strike
1-1: Ball
2-1: Called Strike
2-2: SINGLE (Line Drive, 78S, EV 94.4 MPH)
Frank White to second
Runner from 2nd tries for 3rd, SAFE, no throw by CF
Batting: SHB Jon Hernandez 0-0: Foul Ball, location: 2F
0-1: Ball
1-1: Ball
2-1: Foul Ball, location: 2F
2-2: Ball
3-2: Foul Ball, location: 2F
3-2: Grounds into double play, 4-6-3 (Groundball, 4, EV 91.3 MPH)
Frank White scores
Batting: LHB Jason D Thompson 0-0: Ball
1-0: Foul Ball, location: 2F
1-1: SINGLE (Groundball, 3D, EV 105.0 MPH)
Batting: LHB John Milner 0-0: Called Strike
0-1: Fly out, F2 (Popup, 23F, EV 90.6 MPH)
Bottom of the 3rd over - 1 run, 2 hits, 0 errors, 1 left on base; Toronto 1 - California 4
TOP OF THE 4TH
Toronto Blue Jays batting - Pitching for California Angels : LHP Ray Fontenot
Batting: LHB Chad Daley 0-0: Called Strike
0-1: Fly out, F9 (Line Drive, 9D, EV 105.6 MPH)
Batting: RHB Andres Galarraga 0-0: Foul Ball, location: 2F
0-1: Fly out, F8 (Flyball, 78M, EV 96.3 MPH)
Batting: LHB Steve Stroughter 0-0: Ball
1-0: Foul Ball, location: 2F
1-1: Fly out, F7 (Flyball, 78S, EV 86.9 MPH)
Top of the 4th over - 0 runs, 0 hits, 0 errors, 0 left on base; Toronto 1 - California 4
BOTTOM OF THE 4TH
California Angels batting - Pitching for Toronto Blue Jays : RHP Dane Anthony
Batting: SHB Ignacio Medina 0-0: Foul Ball, location: 2F
0-1: Ball
1-1: Foul Ball, location: 2F
1-2: Foul Ball, location: 2F
1-2: Ground out U3 (Groundball, 3S, EV 86.3 MPH)
Batting: SHB Manny Castillo 0-0: Ball
1-0: Called Strike
1-1: Fly out, F9 (Flyball, 9LM, EV 76.3 MPH)
Batting: RHB Carlos Pimentel 0-0: Called Strike
0-1: Swinging Strike
0-2: Fly out, F8 (Line Drive, 8LD, EV 88.1 MPH)
Bottom of the 4th over - 0 runs, 0 hits, 0 errors, 0 left on base; Toronto 1 - California 4
TOP OF THE 5TH
Toronto Blue Jays batting - Pitching for California Angels : LHP Ray Fontenot
Batting: RHB Cal Ripken 0-0: Called Strike
0-1: Fly out, F8 (Flyball, 8LXD, EV 101.9 MPH)
Batting: RHB Amos Otis 0-0: Foul Ball, location: 2F
0-1: Ball
1-1: Swinging Strike
1-2: Foul Ball, location: 2F
1-2: Foul Ball, location: 2F
1-2: Ball
2-2: Foul Ball, location: 2F
2-2: Strikes out swinging, 2-3 out at first.
Batting: RHB Jason Adams 0-0: Ground out 4-3 (Groundball, 4, EV 105.0 MPH)
Top of the 5th over - 0 runs, 0 hits, 0 errors, 0 left on base; Toronto 1 - California 4
BOTTOM OF THE 5TH
California Angels batting - Pitching for Toronto Blue Jays : RHP Dane Anthony
Batting: LHB Geno Petralli 0-0: Called Strike
0-1: Called Strike
0-2: Strikes out swinging
Batting: RHB Frank White 0-0: Ball
1-0: Foul Ball, location: 2F
1-1: Ball
2-1: SINGLE (Line Drive, 89S, EV 103.1 MPH)
Batting: RHB Jeff Atherton 0-0: Ball
Frank White steals 2nd base
1-0: Foul Ball, location: 2F
1-1: Ball
2-1: Foul Ball, location: 2F
2-2: Ball
3-2: Fly out, F9 (Flyball, 9, EV 91.9 MPH)
Batting: SHB Jon Hernandez 0-0: Ball
1-0: Called Strike
1-1: Called Strike
1-2: Ball
2-2: Ball
3-2: SINGLE (Groundball, 4MD, EV 106.9 MPH)
Frank White to third
Frank White scores
Pitching: RHP Armando Guzman
Batting: LHB Jason D Thompson 0-0: Ball
1-0: Called Strike
1-1: Swinging Strike
1-2: Strikes out swinging
Bottom of the 5th over - 1 run, 2 hits, 0 errors, 1 left on base; Toronto 1 - California 5
TOP OF THE 6TH
Toronto Blue Jays batting - Pitching for California Angels : LHP Ray Fontenot
Batting: RHB Jose Carrillo 0-0: Called Strike
0-1: Ground out 6-3 (Groundball, 6M, EV 86.3 MPH)
Batting: SHB Harold Reynolds 0-0: Called Strike
0-1: Fly out, F9 (Flyball, 9, EV 85.0 MPH)
Batting: RHB Jose Gonzalez 0-0: DOUBLE (Line Drive, 89D, EV 101.3 MPH)
Batting: LHB Chad Daley 0-0: Ball
1-0: DOUBLE (Line Drive, 3D, EV 94.4 MPH)
Jose Gonzalez scores
Batting: RHB Andres Galarraga 0-0: Fly out, F7 (Flyball, 7, EV 90.0 MPH)
Top of the 6th over - 1 run, 2 hits, 0 errors, 1 left on base; Toronto 2 - California 5
BOTTOM OF THE 6TH
California Angels batting - Pitching for Toronto Blue Jays : RHP Armando Guzman
Batting: LHB John Milner 0-0: Swinging Strike
0-1: Foul Ball, location: 2F
0-2: Fly out, F6 (Popup, 6, EV 73.1 MPH)
Batting: SHB Ignacio Medina 0-0: Ball
1-0: Swinging Strike
1-1: Ball
2-1: Foul Ball, location: 2F
2-2: Ball
3-2: Base on Balls
Batting: SHB Manny Castillo 0-0: Ball
Ignacio Medina steals 2nd base
1-0: SINGLE (Groundball, 3D, EV 96.9 MPH)
Ignacio Medina to third
Runner from 3rd tries for Home, throw by RF and OUT! 9-2
Batting: RHB Carlos Pimentel 0-0: Ball
1-0: Foul Ball, location: 2F
1-1: Ball
2-1: Ball
3-1: Swinging Strike
3-2: Strikes out looking
Bottom of the 6th over - 0 runs, 1 hit, 0 errors, 1 left on base; Toronto 2 - California 5
TOP OF THE 7TH
Toronto Blue Jays batting - Pitching for California Angels : LHP Ray Fontenot
Batting: LHB Steve Stroughter 0-0: Called Strike
0-1: Foul Ball, location: 2F
0-2: Ground out 6-3 (Groundball, 6, EV 101.9 MPH)
Batting: RHB Cal Ripken 0-0: Ball
1-0: Ball
2-0: Ball
3-0: Base on Balls
Batting: RHB Amos Otis 0-0: Foul Ball, location: 2F
0-1: Ball
1-1: Ball
2-1: Foul Ball, location: 2F
2-2: Foul Ball, location: 2F
2-2: Fly out, F9 (Flyball, 89M, EV 93.8 MPH)
Batting: RHB Jason Adams 0-0: Foul Ball, location: 2F
0-1: Ball
1-1: Ball
2-1: 2-RUN HOME RUN (Flyball, 78XD, EV 85.6 MPH), Distance : 450 ft
Batting: RHB Jose Carrillo 0-0: Ball
1-0: Ball
2-0: Ball
3-0: Called Strike
3-1: Foul Ball, location: 2F
3-2: Ground out 4-3 (Groundball, 4, EV 100.0 MPH)
Top of the 7th over - 2 runs, 1 hit, 0 errors, 0 left on base; Toronto 4 - California 5
BOTTOM OF THE 7TH
California Angels batting - Pitching for Toronto Blue Jays : RHP Armando Guzman
Batting: LHB Geno Petralli 0-0: Swinging Strike
0-1: Foul Ball, location: 2F
0-2: Ball
1-2: Strikes out swinging
Batting: RHB Frank White 0-0: Called Strike
0-1: Ball
1-1: Foul Ball, location: 2F
1-2: Strikes out swinging
Batting: RHB Jeff Atherton 0-0: Foul Ball, location: 2F
0-1: Ball
1-1: Foul Ball, location: 2F
1-2: Ground out 4-3 (Groundball, 4MD, EV 104.4 MPH)
Bottom of the 7th over - 0 runs, 0 hits, 0 errors, 0 left on base; Toronto 4 - California 5
TOP OF THE 8TH
Toronto Blue Jays batting - Pitching for California Angels : LHP Ray Fontenot
Pitching: RHP Jerry Reed
Batting: SHB Harold Reynolds 0-0: Ball
1-0: Called Strike
1-1: Ball
2-1: Foul Ball, location: 2F
2-2: Foul Ball, location: 2F
2-2: Ball
3-2: Foul Ball, location: 2F
3-2: Base on Balls
Batting: RHB Jose Gonzalez 0-0: Ball
1-0: Sac Bunt to 2R - play at first, batter OUT! 2-4
Harold Reynolds to second
Batting: LHB Chad Daley 0-0: Ball
1-0: Foul Ball, location: 2F
1-1: Swinging Strike
1-2: Foul Ball, location: 2F
1-2: Ground out 4-3 (Groundball, 4M, EV 106.3 MPH)
Harold Reynolds to third
Batting: RHB Andres Galarraga 0-0: Called Strike
0-1: Fly out, F6 (Line Drive, 6, EV 70.6 MPH)
Top of the 8th over - 0 runs, 0 hits, 0 errors, 1 left on base; Toronto 4 - California 5
BOTTOM OF THE 8TH
California Angels batting - Pitching for Toronto Blue Jays : RHP Armando Guzman
Batting: SHB Jon Hernandez 0-0: Ball
1-0: SINGLE (Groundball, 34D, EV 100.0 MPH)
Batting: LHB Jason D Thompson 0-0: Ball
1-0: Grounds into double play, 5-4-3 (Groundball, 56, EV 80.0 MPH)
Batting: LHB John Milner 0-0: Foul Ball, location: 2F
0-1: Ball
1-1: Swinging Strike
1-2: Ball
2-2: Fly out, F7 (Flyball, 7S, EV 95.0 MPH)
Bottom of the 8th over - 0 runs, 1 hit, 0 errors, 0 left on base; Toronto 4 - California 5
TOP OF THE 9TH
Toronto Blue Jays batting - Pitching for California Angels : RHP Jerry Reed
Batting: LHB Steve Stroughter 0-0: Ground out 6-3 (Groundball, 6, EV 76.3 MPH)
Batting: RHB Cal Ripken 0-0: Called Strike
0-1: Ground out 4-3 (Groundball, 4D, EV 91.3 MPH)
Batting: RHB Amos Otis 0-0: Ball
1-0: Fly out, F9 (Flyball, 89M, EV 90.0 MPH)
Top of the 9th over - 0 runs, 0 hits, 0 errors, 0 left on base; Toronto 4 - California 5
Friday, August 28th, 2020 - OOTP Baseball 21.5 Build 76